 Dungeon Crawl Stone Soup version 0.28.0-45-g0d030f2227 (webtiles) character file.

Game seed: 11410114097295040248

94 issech the Cudgeller (level 4, 0/44 HPs)
             Began as a Troll Monk on Apr 21, 2022.
             Slain by Sigmund
             ... wielding a +0 scythe
              (11 damage)
             ... on level 3 of the Dungeon.
             The game lasted 00:07:03 (1882 turns).

issech the Cudgeller (Troll Monk)                   Turns: 1882, Time: 00:07:04

Health: 0/44       AC:  5    Str: 19    XL:     4   Next: 38%
Magic:  3/3        EV: 10    Int:  6    God:
Gold:   27         SH:  0    Dex: 14    Spells: 3/3 levels left

rFire   . . .      SeeInvis .   q - +0 flail
rCold   . . .      Faith    .   (no shield)
rNeg    . . .      Spirit   .   b - +0 robe
rPois   .          Reflect  .   d - +1 hat
rElec   .          Harm     .   (no cloak)
rCorr   .          Rampage  .   (gloves unavailable)
Will    .....                   (boots unavailable)
Stlth   +.........              (no amulet)
HPRegen 0.94/turn               (no ring)
MPRegen 0.08/turn               (no ring)

@: confused
A: large, unfitting armour, claws 3, regeneration 1, shaggy fur 1, tough skin 1
a: no special abilities


You were on level 3 of the Dungeon.
You visited 1 branch of the dungeon, and saw 3 of its levels.

You collected 27 gold pieces.

Inventory:

Hand Weapons
 a - a +0 mace
 f - a +0 dagger of freezing
 q - a +0 flail (weapon)
Missiles
 g - 3 boomerangs (quivered)
 i - 47 stones
 l - 27 arrows
 m - 44 bolts
Armour
 b - a +0 robe (worn)
 d - a +1 hat (worn)
 o - a scarf of harm
Scrolls
 c - 2 scrolls of summoning {unknown}
 e - a scroll of enchant armour {unknown}
 j - a scroll of blinking {unknown}
 p - a scroll of enchant weapon {unknown}
 r - 4 scrolls of identify {unknown}
 s - 3 scrolls of fear {unknown}
Potions
 h - 4 potions of curing {unknown}
 k - a potion of flight {unknown}
 n - a potion of degeneration {unknown}
 t - a potion of ambrosia {unknown}
 u - a potion of haste {unknown}
 v - a potion of heal wounds {unknown}


   Skills:
 + Level 2.9 Fighting
 + Level 3.5 Maces & Flails
 + Level 1.3 Throwing
 + Level 2.9 Dodging
 + Level 1.1 Stealth


You had 3 spell levels left.
You didn't know any spells.
Your spell library was empty.

Dungeon Overview and Level Annotations

Branches:
Dungeon (3/15)

Altars:

Annotations:
D:3 Sigmund


Innate Abilities, Weirdness & Mutations

You are too large for most types of armour.
You have claws for hands.
Your natural rate of healing is unusually fast.
You are covered in fur. (AC +1)
You have tough skin. (AC +1)


Message History

You bump into the rock wall.
You feel less confused.
A puff of flame appears from out of thin air!
The puff of flame hits you.
* * * LOW HITPOINT WARNING * * *
You are confused.
You bump into the rock wall.
You bump into the rock wall.
A puff of flame appears from out of thin air!
The puff of flame hits you.
* * * LOW HITPOINT WARNING * * *
Something tries to affect you, but you resist.
You're too confused to move!
You hear some strange, mumbled words.
You are more confused.
You bump into the rock wall.
You hear some strange, mumbled words.
Something tries to affect you, but you resist.
You're too confused to move!
You bump into the rock wall.
Something hits you!
* * * LOW HITPOINT WARNING * * *
You feel less confused.
You are confused.
You bump into the rock wall.
You bump into the rock wall.
You hear some strange, mumbled words.
You are more confused.
You bump into the rock wall.
You bump into the rock wall.
Something hits you but does no damage.
You bump into the rock wall.
Something hits you!
You're too confused to move!
A magic dart appears from out of thin air!
The magic dart hits you.
You're too confused to move!
Sigmund appears from thin air!
Reactivating autopickup.
Sigmund hits you with a +0 scythe.
* * * LOW HITPOINT WARNING * * *
You bump into the rock wall.
Sigmund hits you with a +0 scythe!
You die...

# #... #.#####...######### #
#...# #.####.....## #####.#
#....o......# #......
#.####......# ....... #.#
##...#.###### ....... #.#
####.##.#....# #.##### #o#
#....##.#.##.# #.#
#@###.#####.#.##.# ..####
#.@...# ##....##.# .....###
#.###.###.#.#.##.# .......# #.#
#.##.##.#..#.# #.##)#.# #.#
#..........#.#
#.##)#.########.###.##.##.##.#.#
#.##................###.#.#.##.#
#......########............###.#
#.###...## #####.######## #.##
#.##.#.#.##########.# #...


You could see Sigmund and an orc.

Vanquished Creatures
  4 adders
  3 worms
  3 ball pythons
  3 endoplasms
  4 giant cockroaches
  8 goblins
  A hobgoblin (D:1)
  2 kobolds
  5 quokkas
  6 bats
  2 frilled lizards
  6 rats
47 creatures vanquished.

Notes
Turn   | Place    | Note
-------+----------+-------------------------------------------
     0 | D:1      | issech the Troll Monk began the quest for the Orb.
     0 | D:1      | Reached XP level 1. HP: 22/22 MP: 0/0
   185 | D:1      | Reached XP level 2. HP: 29/29 MP: 1/1
   258 | D:1      | Reached skill level 3 in Maces & Flails
   720 | D:2      | Reached XP level 3. HP: 36/36 MP: 2/2
  1263 | D:3      | Reached XP level 4. HP: 44/44 MP: 3/3
  1434 | D:3      | Noticed Sigmund
  1604 | D:3      | Reached skill level 1 in Throwing
  1882 | D:3      | Slain by Sigmund

Illustrated notes

Levels and vault maps discovered:
D:1:      lightli_arrival_chessboard, layout_basic
D:2:      layout_loops_ring
D:3:      layout_loops_ring, uniq_sigmund

Skill      XL: |  1  2  3  4 |
---------------+-------------+-----
Maces & Flails | 3 |  3.5
Throwing       | 1 |  1.3
Fighting       | |  2.9
Dodging        | |  2.9
Stealth        | |  1.1

Action                   |  1- 3 |  4- 6 || total
-------------------------+-------+-------++-------
Melee: Mace              |    41 |       ||    41
       Punch             |     1 |       ||     1
       Flail             |    32 |    20 ||    52
Throw: Boomerang         |    36 |    33 ||    69
 Stab: Sleeping          |     1 |     1 ||     2
Armor: Robe              |    51 |     7 ||    58
Dodge: Dodged            |    48 |    14 ||    62
